 Dungeon Crawl Stone Soup version 0.26.0-16-gc1dbca0489 (webtiles) character file.

Game seed: 11313113891140872813

730 hatsuma the Archer (level 7, -3/38 HPs)
             Began as a Deep Elf Arcane Marksman on Jan 17, 2021.
             Was a Believer of Kikubaaqudgha.
             Shot with an arrow by a centaur (12 damage)
             ... on level 5 of the Dungeon.
             The game lasted 01:04:05 (5808 turns).

hatsuma the Archer (Deep Elf Arcane Marksman)       Turns: 5808, Time: 01:04:06

Health: -3/38      AC:  6    Str:  9    XL:     7   Next: 44%
Magic:  12/12      EV: 13    Int: 18    God:    Kikubaaqudgha [**....]
Gold:   222        SH:  0    Dex: 15    Spells: 1/10 levels left

rFire    . . .     SeeInvis .   a - +0 shortbow
rCold    . . .     Faith    .   (shield currently unavailable)
rNeg     . . .     Spirit   .   s - +0 leather armour
rPois    +         Reflect  .   e - +0 helmet
rElec    .         Harm     .   t - +1 cloak
rCorr    +         Rampage  .   (no gloves)
Will     .....                  (no boots)
Stlth    ++........             B - amulet of the acrobat
HPRegen  0.12/turn              l - ring of poison resistance
MPRegen  0.13/turn              u - ring of resist corrosion

@: no status effects
A: no striking features
a: Renounce Religion, Receive Corpses


You were on level 5 of the Dungeon.
You worshipped Kikubaaqudgha.
Kikubaaqudgha was pleased with you.
You visited 1 branch of the dungeon, and saw 5 of its levels.

You collected 222 gold pieces.

Inventory:

Hand Weapons
 a - a +0 shortbow (weapon)
 b - a +1 short sword of venom
Missiles
 d - 7 arrows (quivered ammo)
 h - 40 bolts
 j - 20 poisoned darts
 p - 8 boomerangs
Armour
 e - a +0 helmet (worn)
 s - a +0 leather armour (worn)
 t - a +1 cloak (worn)
Jewellery
 l - a ring of poison resistance (left hand)
 u - a ring of resist corrosion (right hand)
 B - an amulet of the acrobat (around neck)
Wands
 q - a wand of paralysis (7)
 y - a wand of polymorph (13)
 C - a wand of iceblast (4)
Scrolls
 g - 4 scrolls of teleportation
 i - 2 scrolls of amnesia {unknown}
 k - 3 scrolls of remove curse
 m - 3 scrolls of fear
 r - a scroll of immolation
 x - 2 scrolls of enchant armour {unknown}
Potions
 c - 3 potions of curing
 f - 2 potions of lignification
 n - a potion of might {unknown}
 o - 2 potions of degeneration {unknown}
 v - a potion of resistance {unknown}
 w - a potion of flight {unknown}
 z - 2 potions of heal wounds {unknown}
 A - 2 potions of mutation {unknown}


   Skills:
 + Level 1.0 Fighting
 - Level 1.1 Short Blades
 - Level 9.0 Bows
 - Level 4.1 Dodging
 - Level 2.8 Stealth
 - Level 2.0 Spellcasting
 - Level 4.0 Hexes
 - Level 2.0 Translocations
 - Level 1.2 Evocations


You had one spell level left.
You knew the following spells:

 Your Spells              Type           Power        Failure   Level
a - Corona                Hex            17%          4%          1
b - Slow                  Hex            16%          8%          2
c - Portal Projectile     Hex/Tloc       24%          22%         3
d - Inner Flame           Hex/Fire       9%           32%         3

Your spell library contained the following spells:

 Spells                   Type           Power        Failure   Level
 Pain                     Necr           4%           26%         1
 Corpse Rot               Necr/Air       N/A          36%         2
 Sublimation of Blood     Necr           0%           36%         2
 Cause Fear               Hex            8%           43%         4
 Vampiric Draining        Necr           0%           58%         3
 Leda's Liquefaction      Hex/Erth       4%           73%         4


Dungeon Overview and Level Annotations

Branches:
Dungeon (5/15)             Temple (0/1) D:4

Altars:
Fedhas
Hepliaklqana
Kikubaaqudgha
Nemelex Xobeh
Sif Muna
Trog
Vehumet


Message History

The centaur is almost dead.
The centaur shoots an arrow.
The arrow misses you.
The centaur shoots an arrow.
The arrow hits you.
Fire: 9 arrows
Press: ? - help, Q - select action, (/) - cycle Shift-Dir - straight line, f/p - centaur
Aim: a centaur, wielding a +0 shortbow and quivering 16 arrows (almost dead, fast)
You shoot an arrow.
The arrow hits the centaur but does no damage.
The centaur is almost dead.
The centaur shoots an arrow.
The arrow hits you.
* * * LOW HITPOINT WARNING * * *
Fire: 8 arrows
Press: ? - help, Q - select action, (/) - cycle Shift-Dir - straight line, f/p - centaur
Aim: a centaur, wielding a +0 shortbow and quivering 15 arrows (severely wounded, fast)
You shoot an arrow.
The arrow hits the centaur but does no damage.
The centaur is severely wounded.
The centaur shoots an arrow.
The arrow hits you!
You die...
Kikubaaqudgha rasps: "You have failed me!
Welcome... death!"

.##########.##...........#.######
.# #...(...######## .# ####)####
## #.....# ### #((##)# ..########
#.(.#(## #.##.....# #..((..# #
..##.....####.((...##...!
..##.......##.#.@(.(......
..##.....#.##.#.)#.##.....
..##.....#.##.#..#.# ###.
##########.##......# #
#.......### # #######.# #
############c# #
#....>......(#####..
#####.##.##.#.......$...


You could see a centaur (fast).

Vanquished Creatures
  An orc warrior (D:5)
  A phantom (D:4)
  Blork the orc (D:4)
  A water moccasin zombie (D:5)
  A scorpion (D:5)
  A howler monkey (D:4)
  A hound (D:4)
  A bullfrog skeleton (D:5)
  2 worker ants
  An orc wizard (D:5)
  Robin (D:3)
  5 adders
  A shadow imp (D:5)
  A white imp (D:5)
  An adder zombie (D:3)
  An adder skeleton (D:4)
  3 worms
  4 dart slugs
  4 leopard geckos
  13 orcs
  5 bats
  2 giant cockroaches
  9 hobgoblins
  11 jackals
  11 kobolds
  2 quokkas
  2 ball pythons
  6 frilled lizards
  12 goblins
  A jackal skeleton (D:4)
  9 rats
115 creatures vanquished.

Notes
Turn   | Place    | Note
-------+----------+-------------------------------------------
     0 | D:1      | hatsuma the Deep Elf Arcane Marksman began the quest for
                  | the Orb.
     0 | D:1      | Reached XP level 1. HP: 11/11 MP: 5/5
    58 | D:1      | Reached skill level 3 in Bows
    58 | D:1      | Reached skill level 1 in Stealth
   144 | D:1      | Reached XP level 2. HP: 16/16 MP: 6/6
   339 | D:1      | Learned a level 2 spell: Slow
   398 | D:1      | Reached skill level 4 in Bows
   655 | D:1      | Reached XP level 3. HP: 20/20 MP: 7/7
   973 | D:2      | Reached skill level 5 in Bows
  1179 | D:2      | Reached skill level 1 in Fighting
  1501 | D:2      | Learned a level 3 spell: Portal Projectile
  1694 | D:2      | Reached skill level 1 in Translocations
  1715 | D:2      | Reached XP level 4. HP: 14/25 MP: 6/9
  2213 | D:2      | Found an ancient bone altar of Kikubaaqudgha.
  2321 | D:2      | Became a worshipper of Kikubaaqudgha
  2700 | D:3      | Noticed Robin
  2973 | D:3      | Killed Robin
  2974 | D:3      | Reached skill level 1 in Evocations
  3457 | D:2      | Reached XP level 5. HP: 16/29 MP: 8/10
  3726 | D:3      | Found a bloodstained altar of Trog.
  3779 | D:3      | Reached * piety under Kikubaaqudgha
  3779 | D:3      | Identified Kikubaaqudgha's Reference Book on Stolen Souls
                  | (Kikubaaqudgha gifted it to you on level 3 of the Dungeon)
  3779 | D:3      | Received a gift from Kikubaaqudgha
  4106 | D:4      | Reached skill level 6 in Bows
  4152 | D:4      | Noticed a phantom
  4175 | D:4      | Killed a phantom
  4176 | D:4      | Reached XP level 6. HP: 17/34 MP: 8/11
  4200 | D:4      | Learned a level 3 spell: Inner Flame
  4344 | D:4      | Found a staircase to the Ecumenical Temple.
  4509 | D:4      | Reached skill level 1 in Short Blades
  4633 | D:4      | Noticed Blork the orc
  4647 | D:4      | Killed Blork the orc
  4654 | D:4      | Found a shimmering blue altar of Sif Muna.
  4765 | D:5      | Entered Level 5 of the Dungeon
  4765 | D:5      | Noticed an orc warrior
  4824 | D:5      | Found a sparkling altar of Nemelex Xobeh.
  4845 | D:5      | Reached skill level 7 in Bows
  5010 | D:5      | Found a hazy altar of Hepliaklqana.
  5060 | D:5      | Found a blossoming altar of Fedhas.
  5061 | D:5      | Found a radiant altar of Vehumet.
  5327 | D:5      | Reached XP level 7. HP: 38/38 MP: 12/12
  5565 | D:5      | Reached skill level 8 in Bows
  5733 | D:5      | Reached ** piety under Kikubaaqudgha
  5734 | D:5      | Reached skill level 9 in Bows
  5808 | D:5      | Shot with an arrow by a centaur

Illustrated notes

Levels and vault maps discovered:
D:1:      nicolae_arrival_washed_ashore, layout_basic
D:2:      layout_basic, lemuel_coloured_pillars_altar
D:3:      layout_loops_ring, bloody_trog, solitary_fountain, uniq_robin
D:4:      layout_cave_pools, tgw_sif, minmay_temple_entry_mist
D:5:      layout_loops_cross, kennysheep_mini_moat,
          gammafunk_temple_overflow_forgotten, basic_altar, hex_medium

Skill      XL: |  1  2  3  4  5  6  7 |
---------------+----------------------+-----
Bows           | 3 4 5 6 7 9 |  9.0
Stealth        | 1 2 |  2.8
Fighting       | 1 |  1.0
Spellcasting   | 2 |  2.0
Translocations | 1 2 |  2.0
Evocations     | 1 |  1.2
Dodging        | 4 |  4.1
Short Blades   | 1 |  1.1
Hexes          | |  4.0

Action                   |  1- 3 |  4- 6 |  7- 9 || total
-------------------------+-------+-------+-------++-------
Melee: Dagger            |    12 |       |       ||    12
       Short sword       |     3 |   119 |    13 ||   135
 Fire: Shortbow          |   107 |   136 |    47 ||   290
Throw: Dart              |       |     2 |       ||     2
 Cast: Corona            |    17 |     8 |     3 ||    28
       Slow              |     9 |     9 |     2 ||    20
Evoke: Wand              |       |     1 |       ||     1
  Use: Scroll            |     1 |     6 |     1 ||     8
Armor: Robe              |     8 |     5 |       ||    13
       Leather armour    |       |    28 |     1 ||    29
Dodge: Dodged            |    42 |   108 |    14 ||   164
